 Dungeon Crawl Stone Soup version 0.30-a0-263-ge22c4ad894 (webtiles) character file.

Game seed: 11365207650772619779

18 Zeld the Shooter (level 2, 23/25 HPs)
             Began as an Armataur Hunter on Oct 13, 2022.
             Quit the game on level 1 of the Dungeon.
             The game lasted 00:00:22 (281 turns).

Zeld the Shooter (Armataur Hunter)                   Turns: 281, Time: 00:00:22

Health: 23/25      AC:  4    Str: 16    XL:     2   Next: 48%
Magic:  2/2        EV:  9    Int:  9    God:
Gold:   9          SH:  0    Dex: 13    Spells: 1/1 levels left

rFire   . . .      SeeInvis .    a - +0 shortbow
rCold   . . .      Faith    .    (shield currently unavailable)
rNeg    . . .      Spirit   .    c - +0 leather armour
rPois   .          Reflect  .    (no helmet)
rElec   .          Harm     .    (no cloak)
rCorr   .          Roll     +    (no gloves)
Will    .....                    (no barding)
Stlth   ++........               (no amulet)
HPRegen 0.24/turn                (no ring)
MPRegen 0.08/turn                (no ring)

@: no status effects
A: large, rugged brown scales 3, deformed body, armoured tail, roll, long
tongue, awkward tongue
a: no special abilities


You were on level 1 of the Dungeon.
You visited 1 branch of the dungeon, and saw 1 of its levels.

You collected 9 gold pieces.

Inventory:

Hand Weapons
 a - a +0 shortbow (weapon)
Armour
 c - a +0 leather armour (worn)
Jewellery
 d - a ring of see invisible
Scrolls
 b - a scroll of immolation


   Skills:
 + Level 2.0 Fighting
 * Level 3.2 Ranged Weapons
 + Level 1.6 Dodging
 + Level 1.6 Stealth


You had one spell level left.
You didn't know any spells.
Your spell library was empty.

Dungeon Overview and Level Annotations

Branches:
Dungeon (1/15)

Altars:


Innate Abilities, Weirdness & Mutations

You are completely covered in rugged brown scales. (AC +3, +7% HP)
Armour fits poorly on your strangely shaped body.
You have a long armoured tail.
You roll when moving toward enemies. (Rampage)
Your long tongue fully drains potion bottles. (2x potion effects)
Your tongue gives you trouble enunciating. (1.5x scroll delay)


Message History

You shoot an arrow. The arrow barely misses the kobold.
The kobold shouts!
The kobold throws a stone.
The stone hits you but does no damage.
There are monsters nearby!
You shoot an arrow. The arrow hits the kobold.
You kill the kobold!
The kobold throws a stone.
The stone hits you but does no damage.
You shoot an arrow. The arrow barely misses the kobold.
The arrow hits the plant.
The plant begins to die.
The plant is lightly damaged.
The kobold hits something with a +0 whip.
You shoot an arrow. The arrow barely misses the kobold.
The kobold barely misses you. The kobold hits you but does no damage.
Unknown command.
You shoot an arrow. The arrow hits the kobold!
You kill the kobold!
A nearby plant withers and dies.
The kobold hits you with a +0 club.
Unknown command.
You shoot an arrow. The arrow hits the kobold.
You kill the kobold!
The kobold hits you with a +0 club.
You shoot an arrow. The arrow hits the kobold.
The kobold is heavily wounded.
The kobold closely misses you. The kobold hits you with a +0 club.
Unknown command.
You shoot an arrow. The arrow closely misses the kobold.
The kobold barely misses you.
Unknown command.
You shoot an arrow. The arrow hits the kobold.
You kill the kobold!
No target in view!
Unknown command.
No target in view!
No target in view!
A rat comes into view.
A rat is nearby!
You shoot an arrow.
The arrow hits the rat but does no damage.
You hear an angry hiss.
Are you sure you want to abandon this character and quit the game? (Confirm with "yes".)

#...## #.# #...... .#
.... #.# ####.### ####
### #.# ♣ ####.######
..P #.........# )..P
#.......#.# .....##
#..>....#.#
§)r)..)####[........####
#)@................
######.........####
#>......### #########


You could see a rat.

Vanquished Creatures
  2 ball pythons (D:1)
  A giant cockroach (D:1)
  A goblin (D:1)
  A quokka (D:1)
  3 bats (D:1)
  7 kobolds (D:1)
  A rat (D:1)
16 creatures vanquished.

Vanquished Creatures (others)
  6 plants (D:1)
6 creatures vanquished.

Grand Total: 22 creatures vanquished

Notes
Turn   | Place    | Note
-------+----------+-------------------------------------------
     0 | D:1      | Zeld the Armataur Hunter began the quest for the Orb.
     0 | D:1      | Reached XP level 1. HP: 18/18 MP: 1/1
    20 | D:1      | Reached skill level 3 in Ranged Weapons
   118 | D:1      | Reached XP level 2. HP: 25/25 MP: 2/2
   186 | D:1      | Found Goquduci's General Store.
   281 | D:1      | Quit the game

Illustrated notes

Levels and vault maps discovered:
D:1:      evilmike_arrival_crescent, layout_loops_corners, serial_shops, shop,
          lexackson_kobold_supper

Skill      XL: |  1  2 |
---------------+-------+-----
Ranged Weapons | 3 |  3.2
Fighting       | 2 |  2.0
Dodging        | |  1.6
Stealth        | |  1.6

Action                   || total
-------------------------++-------
 Fire: Shortbow          ||    47
Armor: Leather armour    ||    12
Dodge: Dodged            ||     4

Table legend: (Time is in decaauts)
 A = Elapsed time spent in this place.
 B = Non-inter-level travel time spent in this place.
 C = Inter-level travel time spent in this place.
 D = Time resting spent in this place.
 E = Time spent auto-exploring this place.
 F = Levels seen in this place.
 G = Mean time per level.
                   A        B        C        D        E       F      G
               +--------+--------+--------+--------+--------+-----+--------+
         Total |    299 |    299 |      0 |      0 |    216 |   1 |  299.0 |
       Dungeon |    299 |    299 |      0 |      0 |    216 |   1 |  299.0 |
               +--------+--------+--------+--------+--------+-----+--------+

Top non-repeatable levels by time:
     D:1: 299 daAuts
